 Dungeon Crawl Stone Soup version 0.18.1-50-g88ac8fd (webtiles) character file.

74 saintsgambit the Shield-Bearer (level 4, 0/40 HPs)
             Began as a Minotaur Fighter on Dec 16, 2016.
             Slain by Grinder (1 damage)
             ... on level 3 of the Dungeon.
             The game lasted 00:03:43 (2053 turns).

saintsgambit the Shield-Bearer (Minotaur Fighter)   Turns: 2053, Time: 00:03:43

Health: 0/40       AC:  7    Str: 21    XL:     4   Next: 9%
Magic:  3/3        EV:  8    Int:  5    God:
Gold:   173        SH:  9    Dex: 10    Spells: 0 memorised, 3 levels left

rFire  . . .     SeeInvis .     a - +0 war axe
rCold  . . .     Gourm    .     b - +0 scale mail
rNeg   . . .     Faith    .     c - +0 shield
rPois  .         Spirit   .     (helmet restricted)
rElec  .         Dismiss  .     (no cloak)
rCorr  .         Reflect  .     (no gloves)
SustAt .         Harm     .     (no boots)
MR     .....                    (no amulet)
Stlth  ..........               (no ring)
                                (no ring)

@: not resistant to hostile enchantments, extremely unstealthy
A: retaliatory headbutt, horns 2
a: no special abilities


You were on level 3 of the Dungeon.
You were near starving.

You visited 1 branch of the dungeon, and saw 3 of its levels.

You collected 173 gold pieces.

Inventory:

Hand Weapons
 a - a +0 war axe (weapon)
Missiles
 p - 8 steel javelins (quivered)
Armour
 b - a +0 scale mail (worn)
 c - a +0 shield (worn)
Jewellery
 i - an uncursed ring of positive energy {unknown}
Wands
 n - a wand of teleportation (3/9)
 o - a wand of acid (7/15)
 s - a wand of polymorph (19/24)
Scrolls
 e - 5 scrolls of identify {unknown}
 h - 2 scrolls of blinking {unknown}
 j - a scroll of enchant weapon {unknown}
 k - a scroll of enchant armour {unknown}
 l - a scroll of fear {unknown}
 m - a scroll of remove curse {unknown}
 t - a scroll of amnesia {unknown}
 u - a scroll of teleportation {unknown}
 v - a scroll of fog {unknown}
 w - a scroll of recharging {unknown}
Potions
 d - a potion of might
 r - 2 potions of haste {unknown}
 x - 2 potions of degeneration {unknown}
Comestibles
 f - 2 bread rations
 g - 3 fruits
 q - a meat ration


   Skills:
 + Level 4.2 Fighting
 + Level 2.6 Axes
 + Level 4.4 Armour
 + Level 1.2 Dodging
 + Level 0.1 Stealth
 + Level 4.4 Shields


You had 3 spell levels left.
You didn't know any spells.

Dungeon Overview and Level Annotations

Branches:
Dungeon (3/15)

Altars:
Ashenzari

Annotations:
D:3 Grinder


Innate Abilities, Weirdness & Mutations

You reflexively headbutt those who attack you in melee.
You have a pair of horns on your head.


Message History

Grinder says, "Mostly I couldn't keep them alive."
Grinder blinks!
Found a stone staircase leading up.
You slash Grinder!
Grinder is moderately wounded.
Grinder hits you.
You writhe in agony.
Grinder hits you.
You writhe in agony.
You slash Grinder!
Grinder is heavily wounded.
Grinder hits you!
You writhe in agony. x2
You slash Grinder!
Grinder is severely wounded.
Grinder hits you.
You writhe in agony.
Grinder hits you!
* * * LOW HITPOINT WARNING * * *
You writhe in agony. x2
Your shield and scale mail prevent you from hitting Grinder.
Grinder is severely wounded.
Grinder hits you!
* * * LOW HITPOINT WARNING * * *
You writhe in agony.
You die...

#.##.######..# #
#.##.# #..# ### .#
#.##.# #..# #.##.##
#.##.# #..# ......#
#.##.# #..# ....#
#.##.# #..# ....#
#.##.######..# ....#
## #...5........#
....##..##
#.##@#######.#
....................#
#.#
....###..####.##.##.#
#.# ....# #.#<.# #
#.# ....#### #.#..#
#.# .##....# #.#..#
.# #.# .##....# .#
#.#..##.# #.#
.##....# ..##.#####.#
#.# .##....###.##.#
#.# #.#


You could see Grinder.

Vanquished Creatures
  A giant frog skeleton (D:3)
  3 dart slugs
  A worm (D:3)
  A ball python (D:3)
  3 bats
  4 giant cockroaches
  4 hobgoblins
  A quokka (D:2)
  2 giant newts
  6 goblins
  6 kobolds
  7 rats
39 creatures vanquished.

Notes
Turn   | Place    | Note
--------------------------------------------------------------
     0 | D:1      | saintsgambit the Minotaur Fighter began the quest for the Orb.
     0 | D:1      | Reached XP level 1. HP: 19/19 MP: 0/0
   138 | D:1      | Reached XP level 2. HP: 27/27 MP: 1/1
  1040 | D:2      | Found a shattered altar of Ashenzari.
  1131 | D:2      | Reached XP level 3. HP: 30/33 MP: 2/2
  1425 | D:3      | Reached skill level 1 in Dodging
  1772 | D:3      | Reached XP level 4. HP: 37/40 MP: 3/3
  2049 | D:3      | Noticed Grinder
  2053 | D:3      | HP: 1/40 [Grinder (8)]
  2053 | D:3      | Slain by Grinder

Skill      XL: |  1  2  3 |
---------------+----------+-----
Fighting       | 4 |  4.2
Shields        | 4 |  4.4
Armour         | 4 |  4.4
Dodging        | 1 |  1.2
Axes           | |  2.6
Stealth        | |  0.1

Action                   |  1- 3 |  4- 6 || total
-------------------------+-------+-------++-------
Melee: War axe           |    84 |    16 ||   100
       Headbutt          |    13 |       ||    13
  Use: Potion            |     3 |       ||     3
  Eat: Fruit             |     1 |       ||     1
       Chunk             |     1 |       ||     1
Armor: Scale mail        |    33 |     3 ||    36
Dodge: Dodged            |    22 |     3 ||    25
Block: Shield            |    51 |     6 ||    57
